 Dungeon Crawl Stone Soup version 0.20-a0-833-gc632bec (webtiles) character file.

1759 Amciq the Cudgeler (level 8, 0/83 HPs)
             Began as a Troll Berserker on Mar 7, 2017.
             Was an Elder of Trog.
             Slain by an orc wizard
             ... wielding a +0 dagger
              (1 damage)
             ... on level 6 of the Dungeon.
             The game lasted 00:14:16 (4745 turns).

Amciq the Cudgeler (Troll Berserker)                Turns: 4745, Time: 00:14:17

Health: 0/83       AC:  6    Str: 27    XL:     8   Next: 79%
Magic:  7/7        EV: 12    Int:  3    God:    Trog [****..]
Gold:   320        SH:  0    Dex: 10    Spells: 7/7 levels left

rFire    . . .     SeeInvis .   r - +0 flail (crush)
rCold    . . .     Gourm    +   b - +0 animal skin
rNeg     . . .     Faith    .   (no shield)
rPois    .         Spirit   .   (helmet restricted)
rElec    .         Reflect  .   l - +0 cloak
rCorr    .         Harm     .   (gloves unavailable)
MR       .....                  (boots unavailable)
Stlth    +.........             o - amulet of regeneration
Regen    1.1/turn               (no ring)
MPRegen  0.1/turn               (no ring)

@: exhausted, slowed, very slow
A: unfitting armour, claws 3, fast metabolism 3, gourmand, regeneration 1,
shaggy fur 1, tough skin 2
a: Berserk, Trog's Hand, Brothers in Arms, Burn Spellbooks, Renounce Religion


You were on level 6 of the Dungeon.
You worshipped Trog.
Trog was greatly pleased with you.
You were not hungry.

You visited 1 branch of the dungeon, and saw 6 of its levels.

You collected 320 gold pieces.

Inventory:

Hand Weapons
 r - a +0 flail of crushing (weapon)
 v - a +0 giant spiked club
Missiles
 s - 7 large rocks (quivered)
Armour
 b - a +0 animal skin (worn)
 l - a +0 cloak (worn)
Jewellery
 o - an amulet of regeneration (around neck)
Wands
 t - a wand of digging (6/24)
Scrolls
 a - a scroll of teleportation {unknown}
 e - 3 scrolls of remove curse
 i - a scroll of amnesia
 j - 2 scrolls of identify
 k - 2 scrolls of magic mapping
 u - 2 scrolls of enchant armour {unknown}
 x - a scroll of enchant weapon {unknown}
 y - a scroll of noise {unknown}
Potions
 f - 2 potions of flight
 g - a potion of curing
 m - a potion of brilliance
 n - a potion of berserk rage
 p - a potion of lignification
 q - a potion of heal wounds {unknown}
Comestibles
 c - 3 bread rations
 d - 7 fruits
 h - 4 meat rations


   Skills:
 * Level 5.6 Fighting
 * Level 6.3 Maces & Flails
 + Level 3.2 Armour
 + Level 5.4 Dodging


You had 7 spell levels left.
You didn't know any spells.

Dungeon Overview and Level Annotations

Branches:
Dungeon (6/15)             Temple (0/1) D:4

Altars:
Okawaru
Vehumet

Annotations:
D:6 Prince Ribbit


Innate Abilities, Weirdness & Mutations

You are too large for most types of armour.
You have claws for hands.
Your metabolism is lightning-fast.
You like to eat raw meat.
Your natural rate of healing is unusually fast.
You are covered in fur. (AC +1)
You have very tough skin. (AC +2)


Message History

* * * LOW HITPOINT WARNING * * *
Your ogre closely misses Prince Ribbit.
You thump Prince Ribbit!
Prince Ribbit is severely wounded.
Prince Ribbit mumbles some strange words.
Prince Ribbit looks slightly unstable.
Something hits you but does no damage.
Your ogre misses Prince Ribbit.
Prince Ribbit catches a mouse with his tongue.
Prince Ribbit hits your ogre. Something hits you but does no damage.
Your ogre closely misses Prince Ribbit.
You closely miss Prince Ribbit.
Prince Ribbit is severely wounded.
Prince Ribbit hits you!
* * * LOW HITPOINT WARNING * * *
Your ogre closely misses Prince Ribbit.
Something hits you.
* * * LOW HITPOINT WARNING * * *
Prince Ribbit hits you!
* * * LOW HITPOINT WARNING * * *
Something hits you.
You die...

,**,* *,,,,* ###.# ,**,****
*,**,* #.#.# ,,,,,,,**#.##,*
####.#.######
,,,,,,,,,.....#####...........###
,,,,,,,,,...>....##.##...........
,,,,,,,,,..#####.........).......
,,,,,,,,.................####.##.
,**,**,##..######...##...####.##.
,,,,,,,......)K.@................
,,,,,,,.......)F.........#######.
,,,,,,,.......$O.................
,,,,,,,.........##...#...#######.
****,,,.........##...#...#**** #.
*,,****..#+##................# #.
+,,*,,*#**,,#..#.#...#...#######.
**+*,,*,,*,,#..#.#...#......(....
*,,**+*,,**+##........#..###.###.


You could see Prince Ribbit, a kobold and a friendly ogre (berserk).

Vanquished Creatures
  The ghost of Amciq the Chucker, a novice TrHu (D:4)
  A hippogriff (D:5)
  Menkaure (D:4)
  An ice beast (D:5)
  4 ogres
  A phantom (D:4)
  A howler monkey (D:6)
  A crimson imp (D:5)
  3 orc priests
  6 orc wizards
  An iguana (D:5)
  4 gnolls (D:5)
  6 adders
  4 river rats (D:5)
  2 oozes
  An adder zombie (D:5)
  5 worms
  4 dart slugs
  A leopard gecko (D:1)
  21 orcs
  A ball python (D:4)
  4 bats
  5 giant cockroaches
  7 goblins
  4 hobgoblins
  4 jackals (D:2)
  4 quokkas
  3 frilled lizards
  2 kobolds
  10 rats
  A plant (D:5)
114 creatures vanquished.

Vanquished Creatures (others)
  3 plants (D:5)
3 creatures vanquished.

Grand Total: 117 creatures vanquished

Notes
Turn   | Place    | Note
-------+----------+-------------------------------------------
     0 | D:1      | Amciq the Troll Berserker began the quest for the Orb.
     0 | D:1      | Reached XP level 1. HP: 22/22 MP: 0/0
    93 | D:1      | Reached XP level 2. HP: 29/29 MP: 1/1
   756 | D:2      | Reached skill level 3 in Maces & Flails
   946 | D:2      | Reached XP level 3. HP: 36/36 MP: 2/2
  1053 | D:2      | Reached ** piety under Trog
  1278 | D:2      | Reached XP level 4. HP: 44/44 MP: 3/3
  1968 | D:3      | Reached XP level 5. HP: 50/53 MP: 4/4
  2401 | D:3      | Found an iron altar of Okawaru.
  2583 | D:3      | Reached *** piety under Trog
  2618 | D:4      | Noticed Menkaure
  2618 | D:4      | Noticed a phantom
  2630 | D:4      | Killed Menkaure
  2630 | D:4      | Reached skill level 4 in Maces & Flails
  2630 | D:4      | Reached XP level 6. HP: 50/62 MP: 5/5
  2874 | D:4      | Reached XP level 7. HP: 70/70 MP: 6/6
  2884 | D:4      | Reached skill level 1 in Armour
  2995 | D:4      | Noticed Amciq's ghost (novice TrHu)
  3021 | D:4      | Killed Amciq's ghost
  3021 | D:4      | Reached skill level 5 in Maces & Flails
  3246 | D:4      | Found a staircase to the Ecumenical Temple.
  3322 | D:5      | Entered Level 5 of the Dungeon
  3358 | D:5      | Reached XP level 8. HP: 37/79 MP: 7/7
  3488 | D:5      | Reached skill level 5 in Dodging
  3651 | D:5      | Found a radiant altar of Vehumet.
  3662 | D:5      | Reached skill level 5 in Fighting
  3835 | D:5      | Noticed a hippogriff
  3843 | D:5      | Killed a hippogriff
  3843 | D:5      | Reached skill level 6 in Maces & Flails
  4617 | D:6      | Reached **** piety under Trog
  4720 | D:6      | Noticed Prince Ribbit
  4745 | D:6      | HP: 1/83 [Prince Ribbit (10)]
  4745 | D:6      | Slain by an orc wizard

Vault maps used:
D:1:      lightli_arrival_farm, roderic_lattice_a
D:2:      kennysheep_nub
D:3:      minmay_liquid_box, lemuel_statue_altar
D:4:      minmay_temple_entry_enclosed_plants, first_bread, uniq_menkaure
D:5:      wad_woods_stonehenge
D:6:      corexii_shantytown, hangedman_ru_absence, uniq_prince_ribbit1

Skill      XL: |  1  2  3  4  5  6  7  8 |
---------------+-------------------------+-----
Maces & Flails | 3 4 5 6 |  6.3
Dodging        | 3 4 5 |  5.4
Fighting       | 3 4 5 |  5.6
Armour         | 2 3 |  3.2

Action                   |  1- 3 |  4- 6 |  7- 9 || total
-------------------------+-------+-------+-------++-------
Melee: Mace              |   121 |   153 |    57 ||   331
       Flail             |       |       |    62 ||    62
       Giant club        |       |       |    35 ||    35
Invok: Berserk           |     2 |     5 |     6 ||    13
       Trog's Hand       |       |     1 |     2 ||     3
       Burn Spellbooks   |       |     1 |     1 ||     2
       Brothers in Arms  |       |       |     1 ||     1
  Use: Potion            |       |       |     4 ||     4
       Scroll            |       |       |     5 ||     5
 Stab: Sleeping          |     3 |     1 |       ||     4
  Eat: Chunk             |    20 |    19 |    19 ||    58
Armor: Animal skin       |    72 |    51 |    39 ||   162
Dodge: Dodged            |    94 |    76 |    75 ||   245
